 Dungeon Crawl Stone Soup version 0.23-a0-655-g3751e1c (console) character file.

70 Duffy the Conjurer (level 4, 30/30 HPs)
             Began as a Demonspawn Fire Elementalist on Jan 7, 2019.
             Quit the game on level 2 of the Dungeon.
             The game lasted 00:01:55 (1713 turns).

Duffy the Conjurer (Demonspawn Fire Elementalist)   Turns: 1713, Time: 00:01:55

Health: 30/30      AC:  2    Str:  9    XL:     4   Next: 3%
Magic:  5/7        EV: 12    Int: 17    God:
Gold:   86         SH:  0    Dex: 13    Spells: 3/7 levels left

rFire    + . .     SeeInvis .   j - +0 long sword (curse)
rCold    . . .     Gourm    .   (no shield)
rNeg     . . .     Faith    .   a - +0 robe
rPois    .         Spirit   .   (no helmet)
rElec    .         Reflect  .   (no cloak)
rCorr    .         Harm     .   (no gloves)
MR       .....                  (no boots)
Stlth    ++........             (no amulet)
HPRegen  0.10/turn              b - ring of attention (curse)
MPRegen  0.10/turn              (no ring)

@: no status effects
A: fire resistance 1, nightstalker 1
a: no special abilities


You were on level 2 of the Dungeon.
You were not hungry.

You visited 1 branch of the dungeon, and saw 2 of its levels.

You collected 86 gold pieces.

Inventory:

Hand Weapons
 j - a cursed +0 long sword (weapon)
Armour
 a - a +0 robe (worn)
Jewellery
 b - a cursed ring of attention (left hand)
Scrolls
 d - a scroll of amnesia {unknown}
 e - a scroll of teleportation {unknown}
 g - a scroll of enchant weapon {unknown}
 i - a scroll of identify {unknown}
Potions
 h - 2 potions of agility {unknown}
 k - a potion of curing {unknown}
Comestibles
 c - 5 rations
 f - 3 chunks of flesh


   Skills:
 - Level 1.7 Dodging
 - Level 1.7 Stealth
 + Level 2.4 Spellcasting
 + Level 3.1 Conjurations
 + Level 3.1 Fire Magic


You had 3 spell levels left.
You knew the following spells:

 Your Spells              Type           Power        Failure   Level  Hunger
h - Flame Tongue          Conj/Fire      ##...        4%          1    #......
l - Conjure Flame         Conj/Fire      ##......     16%         3    ###....

Your spell library contained the following spells:

 Spells                   Type           Power        Failure   Level  Hunger
 Throw Flame              Conj/Fire      ##....       8%          2    ##.....
 Inner Flame              Hex/Fire       #.......     28%         3    ###....
 Sticky Flame             Conj/Fire      ##......     45%         4    #####..
 Fireball                 Conj/Fire      ##........   80%         5    ######.


Dungeon Overview and Level Annotations

Branches:
Dungeon (2/15)

Altars:
Cheibriados


Innate Abilities, Weirdness & Mutations

Your flesh is heat resistant. (rF+)
You are slightly more attuned to the shadows.


Message History

f - 6 chunks of flesh (gained 3)
You open the door.
There is an open door here.
Some of the chunks of flesh in your inventory have rotted away.
You now have 86 gold pieces (gained 8).
A dart slug comes into view.
Found a snail-covered altar of Cheibriados.
Casting: Flame Tongue (safe; 5% risk of failure)
Confirm with . or Enter, or press ? or * to list all spells.
Aiming: Flame Tongue (safe; 5% risk of failure)
Press: ? - help, Shift-Dir - straight line, f - dart slug
Aim: a dart slug (clinging)
The flame tongue hits the dart slug.
The dart slug is severely wounded.
The dart slug is engulfed in a cloud of scalding steam.
You kill the dart slug!
You have reached level 4!
You feel stronger.
Your demonic ancestry asserts itself...
You feel resistant to heat.
Are you sure you want to abandon this character and quit the game? (Confirm

.. .. #### # ...#.# #...# #.
#.#.##. #..... ########..
..... .~~~.#
......##..#####.## ~~~~~#
..###.# ...#....###~~.~~#
..###<# #.#....@..0~0~~.
......# #......####%~~##
#.##### #.###### _#..
#.##### #.# ####### ......#
#.## ##.....## #.###.# #..##
##.......##
#.###.#####...####.........#
.................'.........
..###.###.....####.......#


There were no monsters in sight!

Vanquished Creatures
  2 adders (D:2)
  3 worms (D:2)
  3 dart slugs
  A giant cockroach (D:1)
  3 goblins (D:1)
  4 hobgoblins
  4 jackals (D:1)
  7 kobolds
  4 bats
  A frilled lizard (D:1)
  6 rats (D:1)
38 creatures vanquished.

Notes
Turn   | Place    | Note
-------+----------+-------------------------------------------
     0 | D:1      | Duffy the Demonspawn Fire Elementalist began the quest for
                  | the Orb.
     0 | D:1      | Reached XP level 1. HP: 13/13 MP: 3/3
   381 | D:1      | Gained mutation: You are slightly more attuned to the
                  | shadows. [demonic ancestry]
   381 | D:1      | Reached XP level 2. HP: 16/19 MP: 0/5
   974 | D:1      | Reached XP level 3. HP: 24/24 MP: 2/6
   979 | D:1      | Learned a level 3 spell: Conjure Flame
  1709 | D:2      | Found a snail-covered altar of Cheibriados.
  1710 | D:2      | Gained mutation: Your flesh is heat resistant. (rF+)
                  | [demonic ancestry]
  1710 | D:2      | Reached XP level 4. HP: 30/30 MP: 5/7
  1713 | D:2      | Quit the game

Vault maps used:
D:1:      ebering_hopf_link, minivault_26, minmay_tetromino_s4
D:2:      kennysheep_slug_shrine, gammafunk_temple_overflow_elements,
          lemuel_coloured_pillars_altar

Skill      XL: |  1  2  3 |
---------------+----------+-----
Conjurations   | 2 3 |  3.1
Fire Magic     | 3 |  3.1
Dodging        | |  1.7
Stealth        | |  1.7
Spellcasting   | |  2.4

Action                   |  1- 3 |  4- 6 || total
-------------------------+-------+-------++-------
Melee: Unarmed           |    14 |       ||    14
 Cast: Flame Tongue      |    65 |       ||    65
 Stab: Sleeping          |     1 |       ||     1
  Eat: Chunk             |     3 |       ||     3
Armor: Robe              |     7 |       ||     7
Dodge: Dodged            |    13 |       ||    13

Table legend:
 A = Non-vault XP
 B = Vault XP
 C = Vault XP percentage of total XP
 D = Non-vault monster count
 E = Vault monster count
 F = Vault count percentage of total count
                 A         B        C        D         E       F
            +---------+---------+-------+---------+---------+-------
      Total |      95 |       5 |   5.0 |      36 |       2 |   5.3
            +---------+---------+-------+---------+---------+-------
        D:1 |      40 |       1 |   2.4 |      25 |       1 |   3.8
        D:2 |      55 |       4 |   6.8 |      11 |       1 |   8.3
            +---------+---------+-------+---------+---------+-------
